 Dungeon Crawl Stone Soup version 0.29.1-1-gd02db6906a (console) character file.

Game seed: 1327322512102415799

505 om the Chopper (level 6, -2/48 HPs)
             Began as a Demonspawn Gladiator on Oct 21, 2022.
             Slain by a water moccasin (8 damage)
             ... on level 5 of the Dungeon.
             The game lasted 00:06:03 (5694 turns).

om the Chopper (Demonspawn Gladiator)               Turns: 5694, Time: 00:06:03

Health: -2/48      AC:  5    Str: 16    XL:     6   Next: 96%
Magic:  6/6        EV: 13    Int: 10    God:
Gold:   177        SH:  0    Dex: 14    Spells: 5/5 levels left

rFire   . . .      SeeInvis .   a - +1 war axe (vorpal)
rCold   . . .      Faith    .   (no shield)
rNeg    + . .      Spirit   .   b - +0 leather armour
rPois   .          Reflect  .   c - +1 helmet
rElec   .          Harm     .   (no cloak)
rCorr   .          Rampage  .   (no gloves)
Will    .....                   (no boots)
Stlth   +.........              (no amulet)
HPRegen 0.16/turn               h - ring of positive energy
MPRegen 0.10/turn               (no ring)

@: no status effects
A: claws 1
a: no special abilities


You were on level 5 of the Dungeon.
You visited 1 branch of the dungeon, and saw 5 of its levels.

You collected 177 gold pieces.

Inventory:

Hand Weapons
 a - a +1 vorpal war axe (weapon)
 g - the +1 short sword "Grim" {flame, Will+ Int+4}
   (You took it off a hobgoblin on level 2 of the Dungeon)

   It burns those it strikes, dealing additional fire damage.
   Int:       It affects your intelligence (+4).
   Will:      It increases your willpower.
 r - a +0 hand axe of venom
Missiles
 d - 2 throwing nets (quivered)
 e - a javelin
 q - 8 poisoned darts
Armour
 b - a +0 leather armour (worn)
 c - a +1 helmet (worn)
Jewellery
 f - a ring of wizardry
 h - a ring of positive energy (left claw)
 o - an amulet of the acrobat
Scrolls
 p - a scroll of fog {unknown}
Potions
 i - a potion of degeneration {unknown}
 j - a potion of invisibility
 k - a potion of berserk rage {unknown}
 l - a potion of ambrosia {unknown}
 m - a potion of curing
 n - a potion of magic
 s - 2 potions of brilliance {unknown}
 t - a potion of haste {unknown}


   Skills:
 - Level 4.0 Fighting
 * Level 5.7 Axes
 - Level 1.7 Throwing
 - Level 4.0 Dodging


You had 5 spell levels left.
You didn't know any spells.
Your spell library contained the following spells:

 Spells                   Type           Power      Damage    Failure   Level
 Gell's Gravitas          Tloc           0%         N/A       80%         3
 Lesser Beckoning         Tloc           0%         N/A       80%         3
 Teleport Other           Tloc           0%         N/A       80%         3


Dungeon Overview and Level Annotations

Branches:
Dungeon (5/15)
 Temple: D:4-7

Altars:
Gozag
Uskayaw
Xom


Innate Abilities, Weirdness & Mutations

You have sharp fingernails.


Message History

The water moccasin is heavily wounded.
The water moccasin completely misses you.
The water moccasin barely misses you.
You miss the water moccasin.
The water moccasin is heavily wounded.
The water moccasin closely misses you. The water moccasin bites you!
You barely miss the water moccasin.
The water moccasin is heavily wounded.
The water moccasin barely misses you. The water moccasin bites you.
You barely miss the water moccasin.
The water moccasin is heavily wounded.
The water moccasin closely misses you.
You barely miss the water moccasin.
The water moccasin is heavily wounded.
The water moccasin barely misses you. The water moccasin bites you!
* * * LOW HITPOINT WARNING * * *
You are lethally poisoned!
The water moccasin poisons you!
You hit the water moccasin. Your claw misses the water moccasin.
The water moccasin is heavily wounded.
* * * LOW HITPOINT WARNING * * *
You feel very sick. The water moccasin closely misses you.
The water moccasin bites you but does no damage.
It was a potion of curing.
You feel better. The water moccasin closely misses you.
You miss the water moccasin.
The water moccasin is heavily wounded.
The water moccasin bites you. x2
* * * LOW HITPOINT WARNING * * *
You closely miss the water moccasin.
The water moccasin is heavily wounded.
The water moccasin bites you.
* * * LOW HITPOINT WARNING * * *
You hit the water moccasin.
The water moccasin is severely wounded.
The water moccasin bites you.
* * * LOW HITPOINT WARNING * * *
The water moccasin bites you!
You die...

.##
###..##≈.≈##..#†..###
<.# ##..##'##..##...#
..# ##.......####.##
..# ##...#### #.#
÷)##########.### #.#
.............#####
#.#
.................#
#.#
.........#######.# .#
.....>..## #@#
........# #S#
#.####### #.# #.# #<#
#.# #.# #.. ##. .


You could see a water moccasin.

Vanquished Creatures
  A centaur (D:5)
  A phantom (D:4)
  A howler monkey (D:5)
  2 hounds
  A jelly (D:5)
  Robin (D:2)
  7 gnolls
  5 adders
  2 worms
  5 dart slugs
  3 orcs (D:4)
  5 bats
  4 endoplasms
  5 giant cockroaches
  13 goblins
  5 hobgoblins
  8 jackals
  2 quokkas
  7 ball pythons
  3 frilled lizards (D:1)
  6 kobolds
  3 rats
90 creatures vanquished.

Notes
Turn   | Place    | Note
-------+----------+-------------------------------------------
     0 | D:1      | om the Demonspawn Gladiator began the quest for the Orb.
     0 | D:1      | Reached XP level 1. HP: 16/16 MP: 1/1
   393 | D:1      | Gained mutation: You have sharp fingernails. [demonic
                  | ancestry]
   393 | D:1      | Reached XP level 2. HP: 22/22 MP: 2/2
   420 | D:1      | Reached skill level 3 in Axes
   698 | D:1      | Reached XP level 3. HP: 4/27 MP: 3/3
  1026 | D:1      | Found a faded altar of an unknown god.
  2023 | D:2      | Reached XP level 4. HP: 26/34 MP: 4/4
  2446 | D:2      | Noticed Robin
  2453 | D:2      | Killed Robin
  2453 | D:2      | Identified the +1 short sword "Grim" {flame, Will+ Int+4}
  2751 | D:3      | Reached XP level 5. HP: 40/40 MP: 5/5
  2869 | D:3      | Found a shimmering altar of Xom.
  3166 | D:3      | Reached skill level 4 in Axes
  4598 | D:4      | Noticed a phantom
  4611 | D:4      | Killed a phantom
  4612 | D:4      | Reached XP level 6. HP: 46/47 MP: 6/6
  5292 | D:5      | Entered Level 5 of the Dungeon
  5305 | D:5      | Reached skill level 5 in Axes
  5671 | D:5      | Found a hide-covered altar of Uskayaw.
  5671 | D:5      | Found an opulent altar of Gozag.
  5678 | D:5      | Noticed a water moccasin
  5694 | D:5      | Slain by a water moccasin

Illustrated notes

Levels and vault maps discovered:
D:1:      dpeg_arrival_brainrot, layout_basic,
          hellmonk_ecumenical_altar_inner_sanctum, minmay_misc_feat_nine_boxes
D:2:      layout_loops_cross, uniq_robin
D:3:      layout_basic, mainiacjoe_overflow_cross_hatched,
          chequers_serial_rivers_micro_c
D:4:      layout_loops_corners
D:5:      layout_loops_ring, mainiacjoe_overflow_concentric_impassable,
          gammafunk_temple_overflow_claw

Skill      XL: |  1  2  3  4  5  6 |
---------------+-------------------+-----
Axes           | 3 4 5 |  5.7
Dodging        | 3 4 |  4.0
Fighting       | 3 4 |  4.0
Throwing       | |  1.7

Action                   |  1- 3 |  4- 6 || total
-------------------------+-------+-------++-------
Melee: War axe           |   105 |   139 ||   244
       Punch             |     1 |     1 ||     2
       Short sword       |       |    40 ||    40
Throw: Throwing net      |     1 |       ||     1
  Use: Potion            |     2 |     1 ||     3
       Scroll            |     2 |     4 ||     6
 Stab: Sleeping          |     2 |     2 ||     4
Armor: Leather armour    |    47 |    61 ||   108
Dodge: Dodged            |    77 |   158 ||   235
